 Dungeon Crawl Stone Soup version 0.31-a0-868-g674d60d6f7 (webtiles) character file.

Game seed: 1615943418119937805

3028 Dirtsage the Grappler (level 9, 0/62 HPs)
             Began as an Octopode Shapeshifter on Oct 11, 2023.
             Succumbed to a kobold brigand's poison
             ... in a bailey.
             The game lasted 00:14:53 (5678 turns).

Dirtsage the Grappler (Octopode Shapeshifter)       Turns: 5678, Time: 00:14:53

Health: 0/62       AC:  5    Str: 18    XL:     9   Next: 86%
Magic:  9/9        EV: 13    Int:  9    God:
Gold:   368        SH:  0    Dex: 15    Spells: 8/8 levels left

rFire   . . .        k - +9 dagger of Virtue {flame, rC++ Int-3 Dex+4}
rCold   + + .        (no shield)
rNeg    . . .        (helmet currently unavailable)
rPois   .            (no amulet)
rElec   .            o - +4 ring of protection
rCorr   .            (no ring)
SInv    .            (no ring)
Will    .....        (no ring)
Stlth   ++           (no ring)
HPRegen 0.30/turn    (no ring)
MPRegen 0.11/turn    (no ring)
                     (no ring)

%: no passive effects
@: lethally poisoned (0 -> -6), beast-form, slowed, very slow
A: beast (slay +4), almost no armour, amphibious, 8 rings, camouflage 1,
gelatinous body 1, (nimble swimmer 1), tentacles
a: Begin Untransformation


You were in a bailey.
You were a hulking beast.
You visited 2 branches of the dungeon, and saw 8 of its levels.
You also visited: Bailey.

You collected 368 gold pieces.

Inventory:

Hand Weapons
 k - the +9 dagger of Virtue (weapon) {flame, rC++ Int-3 Dex+4}
   (You found it on level 3 of the Dungeon)

   Int-3:     It affects your intelligence (-3).
   Dex+4:     It affects your dexterity (+4).
   rC++:      It greatly protects you from cold.
Magical Staves
 p - a staff of death
 u - a staff of fire
Jewellery
 o - a +4 ring of protection (left tentacle)
 x - an amulet of magic regeneration
 F - a ring of protection from fire
Talismans
 b - a beast talisman (active)
 c - a flux talisman
Wands
 d - a wand of flame (17)
 f - a wand of polymorph (14)
 i - a wand of mindburst (19)
 t - a wand of paralysis (11)
 w - a wand of light (11)
Scrolls
 e - a scroll of fog {unknown}
 j - 2 scrolls of vulnerability {unknown}
 m - 4 scrolls of enchant weapon {unknown}
 n - 2 scrolls of fear {unknown}
 s - a scroll of enchant armour {unknown}
 y - 2 scrolls of poison {unknown}
 A - a scroll of amnesia {unknown}
 B - a scroll of torment {unknown}
 C - a scroll of revelation {unknown}
Potions
 a - a potion of haste {unknown}
 g - a potion of attraction {unknown}
 h - 4 potions of berserk rage
 l - a potion of lignification
 q - 2 potions of curing
 r - a potion of heal wounds {unknown}
 v - a potion of enlightenment
 z - a potion of brilliance {unknown}


   Skills:
 + Level 6.0 Fighting
 - Level 2.0 Dodging
 * Level 9.1 Unarmed Combat
 * Level 8.3 Shapeshifting


You had 8 spell levels left.
You didn't know any spells.
Your spell library contained the following spells:

 Spells                   Type           Power      Damage    Failure   Level
 Cigotuvi's Dreadful Rot  Necr/Pois/Air  0%         N/A       52%         2
 Ignite Poison            Fire/Tmut/Pois 0%         N/A       77%         3
 Summon Guardian Golem    Hex/Summ       0%         N/A       77%         3
 Alistair's Intoxication  Tmut/Pois      0%         N/A       100%        5
 Borgnjor's Vile Clutch   Necr/Erth      0%         N/A       100%        5
 Freezing Cloud           Conj/Ice/Air   0%         6-21      100%        5
 Eringya's Noxious Bog    Tmut/Pois      0%         4d6       100%        6
 Orb of Destruction       Conj           0%         9d5       100%        7
 Spellforged Servitor     Conj/Summ      0%         N/A       100%        7


Dungeon Overview and Level Annotations

Branches:
Dungeon (7/15)             Temple (1/1) D:5          Bailey (1/1)

Altars:
Ashenzari
Cheibriados
Dithmenos
Elyvilon
Fedhas
Hepliaklqana
Kikubaaqudgha
Makhleb
Okawaru
Qazlal
Sif Muna
Trog
Uskayaw
Vehumet
Xom
Yredelemnul
Zin
The Shining One

Shops:
D:7 !


Innate Abilities, Weirdness & Mutations

You are a hulking beast.
Your limbs bulge with bestial killing power. (Slay +4)
You cannot wear most types of armour.
You are amphibious.
You can wear up to eight rings at the same time.
Your skin changes colour to match your surroundings (Stealth+).
Your rubbery body absorbs attacks. (AC +1, EV +1)
((You are camouflaged when in or above water. (Stealth+)))
You have tentacles for arms and can constrict up to eight enemies at once.


Message History

You are no longer poisoned.
A kobold brigand comes into view.
It is wielding a +0 demon trident of venom and quivering poisoned darts.
You take 1 damage, and have 20/62 hp.
Found a gate leading back out of this place.
The kobold brigand shouts!
The kobold brigand throws a poisoned dart.
The poisoned dart hits you!
You are poisoned.
Things that are here:
a +0 war axe; 4 curare-tipped darts; the +1 robe of Vines {NoPotionHeal Regen++++} You feel very sick.
The kobold brigand throws a poisoned dart.
The poisoned dart barely misses you.
You take 3 damage, and have 18/62 hp.
You feel sick.
You take 2 damage, and have 16/62 hp.
You feel sick.
The kobold brigand throws a poisoned dart.
The poisoned dart hits you!
You are more poisoned.
* * * LOW HITPOINT WARNING * * *
You feel very sick. The kobold brigand closely misses you.
You take 5 damage, and have 11/62 hp.
You feel better. The kobold brigand closely misses you.
The kobold brigand hits you from afar with a +0 demon trident of venom!
* * * LOW HITPOINT WARNING * * *
You are lethally poisoned!
You take 3 damage, and have 8/62 hp.
* * * LOW HITPOINT WARNING * * *
You feel very sick.
You take 5 damage, and have 3/62 hp.
You feel better.
The kobold brigand hits you from afar with a +0 demon trident of venom!
* * * LOW HITPOINT WARNING * * *
The kobold brigand throws a poisoned dart.
The poisoned dart hits you!
You are lethally poisoned!
You take 2 damage, and have 1/62 hp.
You die...

.. ###'###
##.....##
#...8...# #∩....}∩
#..... ####''K####
##~.....h.~##
##~~.......~~#####
..~~...)...~~....#
##~~.......~~###.#
..~~.......~~....#
##~~..(....~~###.#
..~~.....)(~~....#
##~~....().~~###.#
..~~.......~~....#


You could see a kobold brigand.

Vanquished Creatures
  Jeremiah (D:6)
  Duvessa (D:7)
  A water moccasin (D:7)
  An ice beast (D:6)
  3 orc warriors
  3 ogres
  2 centaurs
  5 kobold brigands (Bailey)
  A bullfrog (D:6)
  4 wights (D:6)
  Dowan (D:7)
  6 killer bees (D:7)
  3 howler monkeys (D:7)
  An orc priest (D:3)
  6 hounds
  A gnoll bouda (D:6)
  A sleepcap (D:6)
  Ijyb (D:5)
  5 iguanas
  An orc wizard (D:6)
  Robin (D:2)
  6 gnolls (D:6)
  8 adders
  A shadow imp (D:5)
  2 white imps
  An ufetubus (D:7)
  3 worms
  3 dart slugs
  16 orcs
  6 bats
  6 endoplasms
  3 giant cockroaches
  15 hobgoblins
  19 kobolds
  A quokka (D:1)
  7 ball pythons
  3 frilled lizards
  9 goblins
  6 rats
164 creatures vanquished.

Notes
Turn   | Place    | Note
-------+----------+-------------------------------------------
     0 | D:1      | Dirtsage the Octopode Shapeshifter began the quest for the
                  | Orb.
     0 | D:1      | Reached XP level 1. HP: 13/13 MP: 1/1
    82 | D:1      | Reached XP level 2. HP: 15/18 MP: 2/2
   422 | D:1      | Reached XP level 3. HP: 16/23 MP: 3/3
   785 | D:2      | Noticed Robin
   847 | D:2      | Killed Robin
   992 | D:2      | Found the +5 woodcutter's axe
  1057 | D:2      | Reached XP level 4. HP: 25/29 MP: 4/4
  1623 | D:3      | Noticed an orc warrior
  1638 | D:3      | Killed an orc warrior
  1639 | D:3      | Reached skill level 4 in Unarmed Combat
  1639 | D:3      | Reached XP level 5. HP: 35/35 MP: 5/5
  1711 | D:3      | Identified the +9 dagger of Virtue {flame, rC++ Int-3
                  | Dex+4}
  1869 | D:3      | Found an iron altar of Okawaru.
  1961 | D:3      | Reached XP level 6. HP: 41/41 MP: 6/6
  2120 | D:3      | Found a faded altar of an unknown god.
  2266 | D:4      | Found a radiant altar of Vehumet.
  2500 | D:4      | Reached skill level 5 in Unarmed Combat
  2580 | D:4      | Found a hazy altar of Hepliaklqana.
  2581 | D:4      | Found a shimmering altar of Xom.
  2581 | D:4      | Noticed a tentacled monstrosity
  2582 | D:4      | Noticed a spectral ugly thing
  2582 | D:4      | Noticed a tentacled monstrosity
  2910 | D:4      | Found a burning altar of Makhleb.
  2955 | D:5      | Entered Level 5 of the Dungeon
  3010 | D:5      | Noticed Ijyb
  3025 | D:5      | Paralysed by Ijyb for 3 turns
  3029 | D:5      | Killed Ijyb
  3032 | D:5      | Reached skill level 5 in Shapeshifting
  3032 | D:5      | Reached XP level 7. HP: 37/46 MP: 7/7
  3213 | D:5      | Found a staircase to the Ecumenical Temple.
  3221 | Temple   | Entered the Ecumenical Temple
  3530 | D:6      | Reached skill level 6 in Unarmed Combat
  3678 | D:6      | Reached XP level 8. HP: 45/54 MP: 8/8
  3835 | D:6      | Reached skill level 7 in Unarmed Combat
  4469 | D:6      | Noticed Jeremiah
  4493 | D:6      | Killed Jeremiah
  4494 | D:6      | Reached XP level 9. HP: 8/60 MP: 9/9
  4819 | D:7      | Found a flagged portal.
  4903 | D:7      | Reached skill level 5 in Fighting
  4912 | D:7      | Found Fuetyaj's Distillery.
  4978 | D:7      | Noticed Dowan
  4982 | D:7      | Noticed Duvessa
  4991 | D:7      | Killed Dowan
  4992 | D:7      | Killed Duvessa
  4993 | D:7      | Reached skill level 8 in Unarmed Combat
  5419 | Bailey   | Entered a bailey
  5614 | Bailey   | Reached skill level 9 in Unarmed Combat
  5676 | Bailey   | HP: 3/62 [poisoned by a kobold brigand]
  5677 | Bailey   | HP: 1/62 [kobold brigand/+0 demon trident of venom (10)]
  5678 | Bailey   | Succumbed to a kobold brigand's poison

Illustrated notes

Levels and vault maps discovered:
D:1:      wander_arrival_abandoned_jail, layout_loops_ring, st_stairs_9
D:2:      layout_loops_ring, uniq_robin
D:3:      layout_basic, okawaru_trees_2, shapermc_ecumenical_altar_mp_highgroup,
          eino_tiny_chamber
D:4:      layout_cave_pools, regret_index_temple_of_mockery,
          vehumet_altar_wand_db, lemuel_round_altar, serial_column_ruins,
          column_ruins_square_medium, column_ruins_open_small_water,
          column_ruins_grid_2, column_ruins_columns_straight,
          column_ruins_open_tiny, column_ruins_open_small,
          minmay_misc_feat_plants
D:5:      kennysheep_six_static_rooms, layout_rooms,
          minmay_temple_entry_mini_moons, nicolae_elevator_lobby_plus, uniq_ijyb
D:6:      layout_loops_corners, uniq_jeremiah
D:7:      layout_rooms, enter_bailey_2, serial_shops,
          nicolae_shop_tiny_waterfront, minmay_misc_feat_pillars, uniq_duvessa
Temple:   nicolae_temple_god_jail
Bailey:   bailey_axe_3, bailey

Skill      XL: |  1  2  3  4  5  6  7  8  9 |
---------------+----------------------------+-----
Fighting       | 2 3 4 6 |  6.0
Unarmed Combat | 4 5 6 7 9 |  9.1
Shapeshifting  | 4 5 6 7 8 |  8.3
Dodging        | |  2.0

Action                     |  1- 3 |  4- 6 |  7- 9 || total
---------------------------+-------+-------+-------++-------
  Melee: Unarmed           |    64 |    38 |       ||   102
         Constrict         |    18 |    15 |    39 ||    72
         Tentacles         |     7 |    14 |    35 ||    56
         Punch             |     5 |     1 |    14 ||    20
         Dagger            |       |    58 |   177 ||   235
  Evoke: Wand              |       |       |     2 ||     2
    Use: Potion            |       |     1 |     5 ||     6
         Scroll            |       |     3 |     1 ||     4
   Stab: Sleeping          |     8 |    10 |     3 ||    21
         Paralysed         |       |       |     2 ||     2
 Armour: Skin              |    23 |    55 |   175 ||   253
  Dodge: Dodged            |    32 |    42 |   134 ||   208

Table legend: (Time is in decaauts)
 A = Elapsed time spent in this place.
 B = Non-inter-level travel time spent in this place.
 C = Inter-level travel time spent in this place.
 D = Time resting spent in this place.
 E = Time spent auto-exploring this place.
 F = Levels seen in this place.
 G = Mean time per level.
                   A        B        C        D        E       F      G
               +--------+--------+--------+--------+--------+-----+--------+
         Total |   5677 |   5435 |    242 |    497 |   3946 |   9 |  630.8 |
       Dungeon |   5407 |   5165 |    242 |    440 |   3827 |   7 |  772.4 |
        Temple |      1 |      1 |      0 |      0 |      0 |   1 |    1.0 |
        Bailey |    267 |    267 |      0 |     57 |    119 |   1 |  267.0 |
               +--------+--------+--------+--------+--------+-----+--------+

Top non-repeatable levels by time:
     D:6: 1351 daAuts
     D:2: 900 daAuts
     D:1: 715 daAuts
     D:4: 704 daAuts
     D:3: 624 daAuts
     D:7: 612 daAuts
     D:5: 497 daAuts
  Bailey: 267 daAuts
  Temple: 1 daAuts
